[Event "Titled Tuesday Blitz April 05 Early 2022"]
[White "Aaditya Dhingra"]
[Black "Lashkin, Jegor"]
[WhiteFideId "25678191"]
[BlackFideId "13907808"]
[WhiteElo "1849"]
[BlackElo "2368"]
[Result "1-0"]
[Round "01"]
[TimeControl "180+1"]
[Date "2022.04.05"]
[WhiteClock "0:00:03"]
[BlackClock "0:00:02"]

1. Nf3 d5 2. g3 Nc6 3. d4 Bf5 4. Bg2 e6 5. O-O Nf6 6. a3 Be7 7. b4 O-O 8. Nbd2 Ne4 9. Bb2 Nd6 10. Ne5 Qe8 11. c4 Nxe5 12. dxe5 Nxc4 13. Nxc4 dxc4 14. Bxb7 Rb8 15. Bg2 a5 16. e4 Bg6 17. Qe2 axb4 18. axb4 Rxb4 19. Ba3 Rb5 20. Qxc4 Bxa3 21. Rxa3 Qb8 22. Rc3 c5 23. f4 Rb4 24. Qe2 Rb2 25. Rc2 Rxc2 26. Qxc2 Qb4 27. h3 Rd8 28. Rc1 Qd4+ 29. Kh2 Rc8 30. g4 h5 31. Bf3 hxg4 32. hxg4 Qe3 33. Kg3 c4 34. Qc3 Qc5 35. f5 Bh7 36. Kf4 Qe7 37. g5 exf5 38. exf5 Rd8 39. Rd1 Rc8 40. Rd5 Qe8 41. Rd6 Qe7 42. Bd5 Qe8 43. g6 Kh8 44. gxh7 Qe7 45. Qd4 Qh4+ 46. Ke3 Qe1+ 47. Kf3 Qh1+ 48. Kf2 Qh2+ 49. Bg2 Kxh7 50. Rd8 Rc7 51. Qe4 g6 52. fxg6+ fxg6 53. e6 Re7 54. Rd7 Rxd7 55. exd7 Qc7 56. Qe7+ Kh6 57. d8=Q Qf4+ 58. Bf3 Qh2+ 59. Kf1 Qh3+ 60. Bg2 Qf5+ 61. Kg1 Kh5 62. Qh4# 1-0


[Site "https://www.chess.com"]

[Event "Titled Tuesday Blitz April 05 Early 2022"]
[White "Alboredo, Julia"]
[Black "Rohith Krishna S"]
[WhiteFideId "2124807"]
[BlackFideId "46617051"]
[WhiteElo "2041"]
[BlackElo "2117"]
[Result "0-1"]
[Round "01"]
[TimeControl "180+1"]
[Date "2022.04.05"]
[WhiteClock "0:00:11"]
[BlackClock "0:01:03"]

1. e4 e5 2. Nf3 Nc6 3. d4 exd4 4. Bc4 Bc5 5. c3 Nf6 6. e5 d5 7. Be2 Ne4 8. cxd4 Bb4+ 9. Bd2 Nxd2 10. Nbxd2 O-O 11. O-O f6 12. Bb5 Bd7 13. a3 Be7 14. Re1 a6 15. Bd3 fxe5 16. dxe5 h6 17. Nb3 Bg4 18. Be2 Qd7 19. h3 Be6 20. Nbd4 Nxd4 21. Nxd4 Bc5 22. Bf3 Rad8 23. Qd2 Bxh3 24. e6 Qe7 25. Rac1 Bxd4 26. Qxd4 Rxf3 27. Rxc7 Qxc7 28. gxf3 Qe7 29. Qe5 Re8 30. Qxd5 Bxe6 31. Qe5 Qf7 32. f4 Bd7 33. Qc3 Qg6+ 34. Kf1 Bb5+ 0-1


[Site "https://www.chess.com"]

[Event "Titled Tuesday Blitz April 05 Early 2022"]
[White "Aldokhin, Ivan"]
[Black "De Souza, Cristiano Gomes"]
[WhiteFideId "24115720"]
[BlackFideId "2151758"]
[WhiteElo "2231"]
[BlackElo "2068"]
[Result "1-0"]
[Round "01"]
[TimeControl "180+1"]
[Date "2022.04.05"]
[WhiteClock "0:00:14"]
[BlackClock "0:00:08"]

1. e4 c5 2. Nf3 d6 3. d4 cxd4 4. Nxd4 Nf6 5. Nc3 g6 6. Bc4 Bg7 7. Bb3 O-O 8. h3 Nc6 9. Be3 a5 10. a3 Bd7 11. O-O Nxd4 12. Bxd4 a4 13. Ba2 Bc6 14. Re1 Nd7 15. Bxg7 Kxg7 16. Qd4+ Kg8 17. Rad1 Qb6 18. Qxb6 Nxb6 19. Rd4 Rfc8 20. f4 Kf8 21. Rf1 f6 22. e5 dxe5 23. fxe5 f5 24. g4 Kg7 25. gxf5 Rf8 26. Be6 Ra5 27. Rb4 Na8 28. fxg6 Rxf1+ 29. Kxf1 Rxe5 30. Bc8 b5 31. gxh7 Kxh7 32. Bg4 Nb6 33. Be2 Nd5 34. Nxd5 Rxd5 35. Kf2 Rf5+ 36. Kg3 Kg7 37. h4 Re5 38. Bd3 Re3+ 39. Kf4 Rf3+ 40. Kg5 Rg3+ 41. Rg4 Rxg4+ 42. Kxg4 Kh6 43. Be2 Be8 44. Kf4 Bc6 45. Ke5 Kg6 46. Ke6 Kh6 47. Kxe7 Be4 48. c3 Bc6 49. Kd6 Be8 50. Kc5 Kg6 51. Bxb5 Bxb5 52. Kxb5 Kh5 53. Kxa4 Kxh4 54. c4 1-0


[Site "https://www.chess.com"]

[Event "Titled Tuesday Blitz April 05 Early 2022"]
[White "Al-Tarboush, Ward"]
[Black "Butti, Enrique"]
[WhiteFideId "7601450"]
[BlackFideId "3700470"]
[WhiteElo "2276"]
[BlackElo "2080"]
[Result "0-1"]
[Round "01"]
[TimeControl "180+1"]
[Date "2022.04.05"]
[WhiteClock "0:01:51"]
[BlackClock "0:00:06"]

1. e4 c5 2. Nf3 d6 3. d4 cxd4 4. Nxd4 Nf6 5. Nc3 a6 6. h3 e6 7. g4 h6 8. Bg2 g5 9. Be3 Nbd7 10. Qe2 Ne5 11. O-O-O Bd7 12. f4 gxf4 13. Bxf4 Rc8 14. Rhf1 Rxc3 15. bxc3 Qc7 16. Bd2 Be7 17. Rfe1 Nc4 18. Bf1 d5 19. exd5 Ba3+ 20. Kb1 Nxd2+ 21. Qxd2 Nxd5 22. Re3 Qb6+ 23. Nb3 Qxe3 24. Qxe3 Nxe3 25. Re1 Nxf1 26. Rxf1 Ke7 27. Nd4 Rf8 28. Re1 Bd6 29. Nf5+ Kd8 30. Nxd6 Kc7 31. Ne4 f5 32. gxf5 exf5 33. Nc5 Rf6 34. Rd1 Bc6 35. Rd5 Bxd5 36. Nd3 f4 37. Nf2 f3 38. Kc1 Re6 39. Nd3 Re2 40. Nf4 f2 41. Nxe2 f1=Q+ 42. Kd2 Bf3 43. Nd4 Qxh3 44. Kd3 Bd5+ 45. Kd2 Qg2+ 46. Kc1 h5 47. Kb2 h4 48. c4 Be4 49. Ne6+ Kd6 50. Nf4 Qg3 51. Ne2 Qf2 52. Nf4 Qxf4 53. Ka3 h3 54. Kb2 h2 55. Ka3 h1=Q 56. Kb3 Qb1+ 57. Ka3 Qxc2 58. c5+ Qxc5+ 59. Kb3 Qfe3+ 60. Kb2 Qc2+ 61. Ka1 Qe1# 0-1


[Site "https://www.chess.com"]

[Event "Titled Tuesday Blitz April 05 Early 2022"]
[White "Andreikin, Dmitry"]
[Black "Sanchez Alvares, Kelvin Antonio"]
[WhiteFideId "4158814"]
[BlackFideId "3906680"]
[WhiteElo "2736"]
[BlackElo "2193"]
[Result "1-0"]
[Round "01"]
[TimeControl "180+1"]
[Date "2022.04.05"]
[WhiteClock "0:01:32"]
[BlackClock "0:00:56"]

1. d4 Nf6 2. Nf3 c5 3. d5 g6 4. Nc3 Bg7 5. e4 d6 6. Bb5+ Bd7 7. a4 O-O 8. h3 Na6 9. O-O Bxb5 10. axb5 Nc7 11. Re1 Nd7 12. Bf4 a6 13. bxa6 b5 14. Qd2 b4 15. Nd1 Nb6 16. Bh6 e5 17. dxe6 fxe6 18. Bxg7 Kxg7 19. Ne3 h5 20. a7 Nb5 21. e5 d5 22. Ra5 Rxf3 23. Rxb5 Rf4 24. Rxb6 Rd4 25. Rb7+ Kg8 26. Qe2 Qc8 27. Qa6 1-0


[Site "https://www.chess.com"]

[Event "Titled Tuesday Blitz April 05 Early 2022"]
[White "Ardila, Oscar Humberto"]
[Black "Vokarev, Sergey"]
[WhiteFideId "4404742"]
[BlackFideId "4119711"]
[WhiteElo "1983"]
[BlackElo "2343"]
[Result "1/2-1/2"]
[Round "01"]
[TimeControl "180+1"]
[Date "2022.04.05"]
[WhiteClock "0:00:07"]
[BlackClock "0:00:07"]

1. d4 d5 2. c4 dxc4 3. Nc3 e5 4. e3 exd4 5. Qxd4 Qxd4 6. exd4 Nf6 7. Bxc4 Nc6 8. Be3 Bd6 9. O-O-O O-O 10. Nge2 a6 11. Rhe1 Bf5 12. Ng3 Bd7 13. h3 h6 14. a3 Rfe8 15. Kc2 Rad8 16. b4 Ne7 17. Kb2 c6 18. Rd2 Ned5 19. Nxd5 Nxd5 20. Rde2 Nf4 21. Bxf4 Bxf4 22. Rxe8+ Rxe8 23. Rxe8+ Bxe8 24. Ne4 Bd7 25. g3 Bc7 26. h4 Kf8 27. Nc5 Bc8 28. a4 b5 29. axb5 axb5 30. Bd3 Ke7 31. Be4 Kd6 32. Kc3 g5 33. hxg5 hxg5 34. Kd3 f5 35. Bf3 Bd8 36. Bh5 Bf6 37. f4 gxf4 38. gxf4 Bh4 39. Bf7 Be1 40. Ke3 Bxb4 41. Nd3 Ba3 42. Ne5 Bc1+ 43. Kf3 Bb2 44. Ke3 c5 45. dxc5+ Ke7 46. Bd5 Ba3 47. Nd3 b4 48. Kd4 Ba6 49. Bc4 Bb7 50. Ne5 Bb2+ 51. Kd3 Bxe5 52. fxe5 f4 53. Ke2 f3+ 54. Kf2 Bc6 55. Bb3 Be4 56. Ke3 Bc6 57. Bc4 Bb7 58. Bb3 Bc6 59. Bc4 Kd7 60. Bb3 Ke7 1/2-1/2


[Site "https://www.chess.com"]

[Event "Titled Tuesday Blitz April 05 Early 2022"]
[White "Astafurov, Arseniy"]
[Black "Fier, Alexandr"]
[WhiteFideId "24175218"]
[BlackFideId "2107139"]
[WhiteElo "2163"]
[BlackElo "2571"]
[Result "0-1"]
[Round "01"]
[TimeControl "180+1"]
[Date "2022.04.05"]
[WhiteClock "0:00:39"]
[BlackClock "0:01:27"]

1. c4 Nf6 2. Nf3 g6 3. g3 Bg7 4. Bg2 O-O 5. Nc3 d6 6. d4 Nc6 7. O-O Rb8 8. d5 Na5 9. b3 c5 10. dxc6 bxc6 11. Bd2 c5 12. Qc1 Re8 13. Rd1 Nc6 14. Bh6 Bh8 15. h3 Bb7 16. Rb1 Qa5 17. Qd2 Ng4 18. hxg4 Qxc3 19. Rbc1 Qxd2 20. Bxd2 a5 21. g5 a4 22. bxa4 Nb4 23. a3 Na6 24. Rb1 Be4 25. Rxb8 Rxb8 26. Ne1 Bxg2 27. Kxg2 Rb2 28. Nd3 Rb3 29. a5 Bc3 30. Bxc3 Rxc3 31. Rb1 Rxa3 32. Rb7 Kf8 33. Rc7 Nxc7 0-1


[Site "https://www.chess.com"]

[Event "Titled Tuesday Blitz April 05 Early 2022"]
[White "Atakhan, Abtin"]
[Black "Fernandez Siles, Luis"]
[WhiteFideId "22502203"]
[BlackFideId "2209420"]
[WhiteElo "2094"]
[BlackElo "2212"]
[Result "1-0"]
[Round "01"]
[TimeControl "180+1"]
[Date "2022.04.05"]
[WhiteClock "0:01:32"]
[BlackClock "0:01:27"]

1. c4 e5 2. g3 c6 3. Nf3 e4 4. Nd4 d5 5. cxd5 Nf6 6. Nc3 Na6 7. Bg2 cxd5 8. d3 exd3 9. Qxd3 Nc5 10. Qd1 h6 11. O-O Bd6 12. Nxd5 O-O 13. Nc3 Qe7 14. Ndb5 Bb8 15. Be3 Bg4 16. Nd4 a6 17. Nb3 Ne6 18. Nd5 Nxd5 19. Qxd5 Bxe2 20. Rfe1 Bb5 21. Qxb7 Ra7 22. Bxa7 1-0


[Site "https://www.chess.com"]

[Event "Titled Tuesday Blitz April 05 Early 2022"]
[White "Baches Garcia, Guillermo"]
[Black "Sychev, Klementy"]
[WhiteFideId "2209764"]
[BlackFideId "4114060"]
[WhiteElo "2482"]
[BlackElo "2564"]
[Result "0-1"]
[Round "01"]
[TimeControl "180+1"]
[Date "2022.04.05"]
[WhiteClock "0:00:02"]
[BlackClock "0:00:03"]

1. e4 c5 2. Nf3 d6 3. d4 cxd4 4. Nxd4 Nf6 5. Nc3 a6 6. Bd3 e5 7. Nde2 Be7 8. O-O O-O 9. Ng3 Be6 10. Nd5 Bxd5 11. exd5 g6 12. c4 Nbd7 13. Be3 a5 14. Bc2 Ne8 15. Ba4 f5 16. f4 Nef6 17. h3 Qc7 18. Rc1 Rf7 19. a3 Bf8 20. b4 axb4 21. axb4 exf4 22. Bxf4 Qb6+ 23. c5 dxc5 24. Bxd7 cxb4+ 25. Kh1 Rxd7 26. Qb3 Ra3 27. Qc4 Rxd5 28. Rfd1 Qe6 29. Re1 Qf7 30. Qc8 b3 31. Bh6 b2 32. Rb1 Rxg3 33. Rxb2 Rc5 34. Qd8 Rd5 35. Qc8 b5 36. Ra2 Rc5 37. Qd8 Rd3 38. Qxd3 Bxh6 39. Qd6 Bf8 40. Ra8 Kg7 41. Qd8 b4 42. Qb8 Rc7 43. Ra6 b3 44. Rb6 Ne4 45. Rxb3 Re7 46. Reb1 Kh6 47. Rb7 Rxb7 48. Qxb7 Qf6 49. Qb8 Bd6 50. Qb3 Qe5 51. Qf3 Qh2# 0-1


[Site "https://www.chess.com"]

[Event "Titled Tuesday Blitz April 05 Early 2022"]
[White "Badelka, Olga"]
[Black "Shubin, Kirill"]
[WhiteFideId "13509926"]
[BlackFideId "34119962"]
[WhiteElo "2165"]
[BlackElo "2522"]
[Result "0-1"]
[Round "01"]
[TimeControl "180+1"]
[Date "2022.04.05"]
[WhiteClock "0:00:13"]
[BlackClock "0:00:29"]

1. c4 e5 2. g3 Nc6 3. Bg2 g6 4. Nc3 Bg7 5. e3 Nge7 6. Nge2 O-O 7. O-O d6 8. Nd5 Be6 9. Nec3 Qd7 10. Re1 f5 11. Rb1 a5 12. a3 e4 13. d3 exd3 14. Qxd3 Ne5 15. Qe2 Rab8 16. Nxe7+ Qxe7 17. Nd5 Qf7 18. b3 b5 19. Nf4 bxc4 20. Nxe6 Qxe6 21. b4 axb4 22. axb4 Nd3 23. Rd1 Kh8 24. Bd2 d5 25. b5 c6 26. bxc6 Qxc6 27. h4 h5 28. Be1 Rfd8 29. Rxb8 Rxb8 30. Qf3 c3 31. Rxd3 Rb1 0-1


[Site "https://www.chess.com"]

[Event "Titled Tuesday Blitz April 05 Early 2022"]
[White "Barbashin, Igor"]
[Black "Guz, Ari"]
[WhiteFideId "4155718"]
[BlackFideId "2825759"]
[WhiteElo "2138"]
[BlackElo "1913"]
[Result "0-1"]
[Round "01"]
[TimeControl "180+1"]
[Date "2022.04.05"]
[WhiteClock "0:00:01"]
[BlackClock "0:00:46"]

1. d4 Nf6 2. c4 g6 3. Nc3 Bg7 4. Nf3 O-O 5. e4 d6 6. Be2 c5 7. O-O cxd4 8. Nxd4 Bd7 9. Be3 Nc6 10. Rc1 Nxd4 11. Bxd4 Bc6 12. Nd5 Nxe4 13. Bxg7 Kxg7 14. Qd4+ Nf6 15. Nxf6 exf6 16. Rfd1 Re8 17. Bf1 Qb6 18. Qxb6 axb6 19. a3 Rad8 20. Rd3 b5 21. cxb5 Bxb5 22. Rb3 Bc6 23. f3 Re5 24. Ba6 Rd7 25. Bd3 f5 26. Kf2 h5 27. h4 Rde7 28. Rbc3 f6 29. b4 g5 30. g3 g4 31. f4 Re3 32. Bxf5 Re2+ 33. Kf1 Rh2 0-1


[Site "https://www.chess.com"]

[Event "Titled Tuesday Blitz April 05 Early 2022"]
[White "Begunov, Konstantin"]
[Black "Priasmoro, Novendra"]
[WhiteFideId "4118510"]
[BlackFideId "7105029"]
[WhiteElo "2262"]
[BlackElo "2309"]
[Result "1-0"]
[Round "01"]
[TimeControl "180+1"]
[Date "2022.04.05"]
[WhiteClock "0:00:04"]
[BlackClock "0:00:54"]

1. d4 Nf6 2. c4 g6 3. f3 Bg7 4. e4 d6 5. Nc3 O-O 6. Be3 c5 7. dxc5 dxc5 8. Qxd8 Rxd8 9. Bxc5 Nc6 10. Nd5 e6 11. Ne7+ Nxe7 12. Bxe7 Rd7 13. Ba3 b6 14. Ne2 Ba6 15. Nc3 Rc8 16. c5 Bxf1 17. Rxf1 bxc5 18. Ke2 Nh5 19. g3 f5 20. Rfd1 Rb7 21. Rac1 Bd4 22. Na4 Rbc7 23. exf5 gxf5 24. Rc4 Nf6 25. Rdc1 Nd7 26. b4 Ne5 27. R4c2 c4 28. Rd1 Nd3 29. Nc5 Nxb4 30. Bxb4 Bxc5 31. Rxc4 Bxb4 32. Rxb4 Rc2+ 33. Rd2 R8c7 34. Ra4 Kf7 35. f4 h5 36. Kd3 R2c3+ 37. Ke2 Kf6 38. Ra6 R3c4 39. Kf2 h4 40. Re2 R4c6 41. Rxc6 Rxc6 42. gxh4 Rc3 43. Rb2 Rh3 44. Kg2 Rxh4 45. Kg3 Rg4+ 46. Kf3 Rg7 47. Rb5 Rh7 48. Ra5 Rc7 49. h4 Rc3+ 50. Kg2 Kg6 51. Rxa7 Kh5 52. Ra6 Re3 53. Kf2 Re4 54. Kf3 Kxh4 55. a4 Kh5 56. a5 Kg6 57. Ra8 Ra4 58. a6 Ra3+ 59. Kf2 Ra4 60. Ke3 Ra3+ 61. Kd4 Ra5 62. a7 Kg7 63. Kc4 Ra1 64. Kb3 Kh7 65. Kb2 Ra4 66. Kc3 Kg7 67. Kb3 Ra6 68. Kc4 Ra1 69. Kd4 Ra5 70. Kc4 Ra4+ 71. Kc5 Ra1 72. Kd6 Ra6+ 73. Ke5 Kh7 74. Kf6 e5+ 75. Kxe5 Ra5+ 76. Kf6 Ra6+ 77. Kxf5 Kg7 78. Kg5 Ra5+ 79. f5 Kh7 80. Kf6 Ra6+ 81. Kg5 Ra5 82. Kf4 Kg7 83. Kg4 Ra1 84. f6+ Kh7 85. Re8 Ra4+ 86. Kf3 Ra3+ 87. Ke2 Ra2+ 88. Kd3 Ra6 89. a8=Q Rxf6 90. Rh8+ Kg6 91. Qg8+ Kf5 92. Rh5+ Kf4 93. Qg5+ Kf3 94. Qxf6+ Kg3 95. Rg5+ Kh3 96. Qh6# 1-0


[Site "https://www.chess.com"]

[Event "Titled Tuesday Blitz April 05 Early 2022"]
[White "Brodowski, Piotr"]
[Black "Tuleyeva-Aketayeva, Dana"]
[WhiteFideId "1124480"]
[BlackFideId "13701932"]
[WhiteElo "2422"]
[BlackElo "1875"]
[Result "1-0"]
[Round "01"]
[TimeControl "180+1"]
[Date "2022.04.05"]
[WhiteClock "0:00:34"]
[BlackClock "0:00:12"]

1. e4 c5 2. Nf3 Nc6 3. Bb5 g6 4. Bxc6 dxc6 5. h3 Bg7 6. O-O Nf6 7. Nc3 O-O 8. d3 Nd7 9. Be3 b6 10. Qd2 e5 11. a4 a5 12. Bg5 Qc7 13. Qe3 Re8 14. Bh6 Nf8 15. Bxg7 Kxg7 16. Nh2 Ne6 17. Ne2 Nd4 18. Nxd4 cxd4 19. Qg3 Be6 20. f4 exf4 21. Rxf4 Ra7 22. Raf1 b5 23. Nf3 Rd8 24. Qh4 Qe7 25. Ng5 Rf8 26. Qxh7# 1-0


[Site "https://www.chess.com"]

[Event "Titled Tuesday Blitz April 05 Early 2022"]
[White "Buscar, Michael"]
[Black "Kosteniuk, Alexandra"]
[WhiteFideId "2603616"]
[BlackFideId "4128125"]
[WhiteElo "2010"]
[BlackElo "2469"]
[Result "1/2-1/2"]
[Round "01"]
[TimeControl "180+1"]
[Date "2022.04.05"]
[WhiteClock "0:00:11"]
[BlackClock "0:00:21"]

1. Nf3 d5 2. g3 c6 3. Bg2 Bg4 4. d4 Nd7 5. O-O Ngf6 6. c4 e6 7. b3 Be7 8. Bb2 O-O 9. Nbd2 a5 10. a3 a4 11. b4 Re8 12. Re1 Bf8 13. Ne5 Nxe5 14. dxe5 Nd7 15. cxd5 exd5 16. f4 f6 17. Nf3 Bxf3 18. exf3 Qb6+ 19. Bd4 c5 20. Bf2 d4 21. bxc5 Bxc5 22. Rb1 Qa7 23. e6 Nf8 24. f5 Rad8 25. f4 Re7 26. Qd3 g6 27. fxg6 hxg6 28. f5 Qa6 29. Qf3 Qd6 30. fxg6 Kg7 31. Rxb7 Nxg6 32. Rxe7+ Qxe7 33. Qg4 d3 34. Be4 Bxf2+ 35. Kxf2 Qc5+ 36. Kg2 Qg5 37. Qxg5 fxg5 38. e7 Nxe7 39. Bxd3 Rxd3 40. Rxe7+ Kf6 41. Ra7 Rxa3 42. Kh3 Kf5 43. Ra5+ Kf6 44. Ra6+ Kf7 45. Ra5 Kf6 46. Ra6+ Kf5 47. Ra5+ Kg6 48. Ra6+ Kf5 49. Ra5+ 1/2-1/2


[Site "https://www.chess.com"]

[Event "Titled Tuesday Blitz April 05 Early 2022"]
[White "Cagara, Paulina"]
[Black "Ivanov, Mike"]
[WhiteFideId "1124870"]
[BlackFideId "2613158"]
[WhiteElo "1780"]
[BlackElo "2182"]
[Result "0-1"]
[Round "01"]
[TimeControl "180+1"]
[Date "2022.04.05"]
[WhiteClock "0:00:13"]
[BlackClock "0:00:05"]

1. e4 e6 2. d4 d5 3. Nc3 Bb4 4. exd5 exd5 5. Bd3 Nc6 6. a3 Bxc3+ 7. bxc3 Nge7 8. Qh5 g6 9. Qh6 Bf5 10. Bg5 Qd6 11. Bf4 Qd7 12. Nf3 O-O-O 13. O-O f6 14. a4 Rdg8 15. a5 Bxd3 16. cxd3 Nf5 17. Qh3 g5 18. Bxg5 fxg5 19. Ne5 Nxe5 20. dxe5 h5 21. d4 a6 22. Rfb1 g4 23. Qd3 Ne7 24. c4 h4 25. Qb3 Qc6 26. Rc1 g3 27. f3 h3 28. cxd5 gxh2+ 29. Kxh2 hxg2+ 30. Kg1 Qh6 31. Rxc7+ Kxc7 32. Qc3+ Kb8 33. Kf2 Qh4+ 34. Ke2 g1=Q 35. Rxg1 Rxg1 36. d6 Rg2+ 37. Kd3 Qh7+ 38. Ke3 Nd5# 0-1


[Site "https://www.chess.com"]

[Event "Titled Tuesday Blitz April 05 Early 2022"]
[White "Chen, Qi b"]
[Black "Mika, Tomasz"]
[WhiteFideId "8614733"]
[BlackFideId "1132970"]
[WhiteElo "2432"]
[BlackElo "2116"]
[Result "1-0"]
[Round "01"]
[TimeControl "180+1"]
[Date "2022.04.05"]
[WhiteClock "0:00:07"]
[BlackClock "0:00:02"]

1. e4 c6 2. d4 d5 3. e5 Bf5 4. c4 e6 5. Nc3 dxc4 6. Bxc4 Bb4 7. Ne2 Ne7 8. O-O O-O 9. Qb3 Bxc3 10. Qxc3 Nd7 11. Bg5 h6 12. Bh4 Re8 13. Rad1 Rc8 14. Rfe1 Qb6 15. Bxe7 Rxe7 16. Ng3 Bh7 17. Ne4 Bxe4 18. Rxe4 Nf8 19. h4 Rd8 20. b4 Red7 21. h5 g5 22. Bb3 Kg7 23. Bc2 a5 24. a3 axb4 25. axb4 Ra8 26. Rg4 Ra2 27. Kh2 Qa6 28. Rd3 Ra1 29. f4 Qa2 30. fxg5 Rc1 31. gxh6+ Kh8 32. Rdg3 Rxc2 33. Qd3 f5 34. exf6 1-0


[Site "https://www.chess.com"]

[Event "Titled Tuesday Blitz April 05 Early 2022"]
[White "Chernomordik, Pavel"]
[Black "Rustemov, Alexander"]
[WhiteFideId "2804530"]
[BlackFideId "4119002"]
[WhiteElo "2220"]
[BlackElo "2820"]
[Result "0-1"]
[Round "01"]
[TimeControl "180+1"]
[Date "2022.04.05"]
[WhiteClock "0:00:20"]
[BlackClock "0:00:26"]

1. e4 e6 2. Nc3 d5 3. d4 Bb4 4. Ne2 Nf6 5. Bg5 h6 6. Bxf6 Qxf6 7. a3 Ba5 8. b4 Bb6 9. exd5 O-O 10. Qd3 Rd8 11. dxe6 Bxe6 12. Ne4 Qe7 13. Nc5 Nc6 14. c3 Bxc5 15. bxc5 Re8 16. O-O-O Na5 17. Nf4 Bb3 18. Be2 Bxd1 19. Bxd1 b6 20. Bc2 g6 21. Kb2 bxc5 22. Nd5 Rab8+ 23. Ka2 Qe6 24. c4 c6 25. Nc7 Qxc4+ 26. Qxc4 Nxc4 27. Nxe8 Rb2+ 28. Ka1 Rxc2 29. dxc5 Rxf2 30. Nd6 Nxa3 31. Ne4 Rxg2 32. Rd1 Nc2+ 33. Kb1 Nb4 34. Rd8+ Kg7 35. Rd7 Rxh2 36. Nd6 Rf2 37. Rxa7 h5 38. Rb7 Rf1+ 39. Kb2 Nd3+ 40. Kc3 Nxc5 41. Kd4 Nxb7 0-1


[Site "https://www.chess.com"]

[Event "Titled Tuesday Blitz April 05 Early 2022"]
[White "Chincholimath, Halsagar"]
[Black "Le Ruyet, Leopold"]
[WhiteFideId "5022487"]
[BlackFideId "645923"]
[WhiteElo "1737"]
[BlackElo "2276"]
[Result "1-0"]
[Round "01"]
[TimeControl "180+1"]
[Date "2022.04.05"]
[WhiteClock "0:00:20"]
[BlackClock "0:00:06"]

1. e4 e5 2. Nf3 Nc6 3. Nc3 Nf6 4. d4 exd4 5. Nxd4 Bb4 6. Nxc6 bxc6 7. Bd3 d5 8. Bd2 O-O 9. O-O Bg4 10. f3 Be6 11. e5 Nd7 12. f4 f5 13. exf6 Nxf6 14. f5 Bf7 15. Bg5 Qd6 16. Qf3 Bh5 17. Qh3 Bf7 18. Qh4 Bc5+ 19. Kh1 Rab8 20. b3 Rb4 21. Rf4 Bd4 22. Rxd4 c5 23. Rxb4 cxb4 24. Bxf6 gxf6 25. Ne2 Qe5 26. Rf1 c5 27. Rf3 Kh8 28. Rh3 Bg8 29. Qf4 Qa1+ 30. Ng1 Qxa2 31. Qg4 Qa5 32. Rg3 Qc7 33. h4 c4 34. Be2 Re8 35. h5 h6 36. Qg6 Re7 37. Qxg8# 1-0


[Site "https://www.chess.com"]

[Event "Titled Tuesday Blitz April 05 Early 2022"]
[White "Cori T., Deysi"]
[Black "Manon-og, Ramon Jr."]
[WhiteFideId "3801934"]
[BlackFideId "5200776"]
[WhiteElo "2341"]
[BlackElo "2254"]
[Result "1-0"]
[Round "01"]
[TimeControl "180+1"]
[Date "2022.04.05"]
[WhiteClock "0:01:07"]
[BlackClock "0:00:03"]

1. d4 Nf6 2. Nf3 g6 3. g3 d5 4. Bg2 Bg7 5. O-O O-O 6. Ne5 c6 7. c4 dxc4 8. Nxc4 Be6 9. Ne3 Nbd7 10. Nc3 Nb6 11. Qd3 Rc8 12. Rd1 Nbd5 13. a3 Nxc3 14. bxc3 Nd5 15. c4 Nxe3 16. Bxe3 c5 17. Bxb7 Rc7 18. Ba6 Qd6 19. Bb5 Bf5 20. Qd2 a6 21. Bf4 e5 22. dxe5 Qxd2 23. Rxd2 axb5 24. cxb5 c4 25. Rc1 c3 26. Rd4 Ra8 27. a4 g5 28. Bxg5 Bxe5 29. Rd5 f6 30. Bxf6 Bxf6 31. Rxf5 Kg7 32. b6 Rc6 33. a5 c2 34. Rb5 Rd8 35. Kg2 Rd1 36. b7 Rxc1 37. b8=Q Rg1+ 38. Kxg1 c1=Q+ 39. Kg2 Rc7 40. Rb6 Qc5 41. e4 Qxa5 42. Qxc7+ Kg6 43. Rxf6+ Kxf6 44. Qxa5 1-0


[Site "https://www.chess.com"]

[Event "Titled Tuesday Blitz April 05 Early 2022"]
[White "Coto Mederos, Michel"]
[Black "Rottenwohrer Suarez, Juan"]
[WhiteFideId "3508528"]
[BlackFideId "32068182"]
[WhiteElo "2427"]
[BlackElo "2158"]
[Result "1-0"]
[Round "01"]
[TimeControl "180+1"]
[Date "2022.04.05"]
[WhiteClock "0:00:03"]
[BlackClock "0:00:02"]

1. c4 Nf6 2. Nc3 g6 3. g3 Bg7 4. Bg2 O-O 5. e3 c5 6. Nge2 Nc6 7. O-O d6 8. d4 cxd4 9. exd4 Bf5 10. h3 Rc8 11. Be3 a6 12. d5 Na5 13. b3 Ne8 14. Rc1 Bd7 15. Bd4 b5 16. Bxg7 Nxg7 17. cxb5 axb5 18. Qd2 Qb6 19. Nd4 Rc7 20. Nce2 Rfc8 21. Rxc7 Rxc7 22. Rc1 Nf5 23. Nxf5 Bxf5 24. Rc3 Nb7 25. b4 Nd8 26. Nd4 Bd7 27. h4 Rxc3 28. Qxc3 Qa7 29. a3 h5 30. Kh2 Qb7 31. Kg1 f6 32. Nc6 Bxc6 33. dxc6 Qc7 34. Qd3 Kg7 35. Qxb5 e6 36. Qa4 d5 37. b5 Qb6 38. Qb4 Qc7 39. a4 f5 40. Qc5 f4 41. a5 fxg3 42. fxg3 Qxg3 43. Qd4+ Kg8 44. a6 Nxc6 45. bxc6 Qc7 46. Qc5 Kg7 47. a7 Qc8 48. c7 Kf6 49. a8=Q Qxa8 50. c8=Q Qa1+ 51. Bf1 Qe5 52. Qf2+ Kg7 53. Qcf8+ Kh7 54. Q2f7+ Qg7 55. Q7xg7# 1-0


[Site "https://www.chess.com"]

[Event "Titled Tuesday Blitz April 05 Early 2022"]
[White "Danilenko, Dmitriy"]
[Black "Mkrtchyan, Mariam"]
[WhiteFideId "14120844"]
[BlackFideId "13310828"]
[WhiteElo "2606"]
[BlackElo "1984"]
[Result "1-0"]
[Round "01"]
[TimeControl "180+1"]
[Date "2022.04.05"]
[WhiteClock "0:00:23"]
[BlackClock "0:00:04"]

1. e4 c6 2. c4 d5 3. cxd5 cxd5 4. exd5 Nf6 5. Qa4+ Nbd7 6. Nc3 g6 7. Bc4 Bg7 8. d3 O-O 9. Nf3 a6 10. Qa3 b6 11. O-O Bb7 12. Re1 Re8 13. Bf4 b5 14. Bb3 Nb6 15. d6 e6 16. Ne5 Nfd7 17. Nxd7 Qxd7 18. Ne4 e5 19. Be3 Nd5 20. Nc5 Qc6 21. Nxb7 Nxe3 22. fxe3 Qxb7 23. Rf1 Rf8 24. Rac1 Rac8 25. e4 Bh6 26. Rxc8 Qxc8 27. Kh1 Be3 28. Qa5 Kg7 29. Qc7 Qe8 30. d7 Qe7 31. d8=Q Qxd8 32. Rxf7+ Rxf7 33. Qxf7+ Kh6 34. Bd5 Qb6 35. Qf8+ Kg5 36. Qf3 Qc5 37. h4+ Kh6 38. Kh2 Bd4 39. Qg4 Kg7 40. h5 Qd6 41. hxg6 Qxg6 42. Qh3 Qh6 43. Qxh6+ Kxh6 44. b3 a5 45. Kh3 a4 46. Kg4 axb3 47. axb3 b4 48. Kf5 Kg7 49. g4 h6 50. Be6 Kh7 51. Kf6 Bc3 52. Bf5+ Kh8 53. Kg6 Bd2 54. Kf6 Bc3 55. Ke6 Bd4 56. Kf7 Bc3 57. Bg6 Bd4 58. Bh5 Bc3 59. Kg6 Bd2 60. Kf5 Bc3 61. Kf6 Bd2 62. Kxe5 Bc3+ 63. Kd5 Kg7 64. d4 Kf6 65. e5+ Ke7 66. Ke4 Ke6 67. d5+ Ke7 68. Kf5 Bd4 69. d6+ Kd7 70. Bf7 Bc3 71. Bc4 Kc6 72. Ke6 Bd4 73. d7 Kc7 74. Ke7 Bc5+ 75. Ke8 Kc6 76. d8=Q 1-0


[Site "https://www.chess.com"]

[Event "Titled Tuesday Blitz April 05 Early 2022"]
[White "De Arruda, Leandro Formes"]
[Black "Pajeken, Jakob Leon"]
[WhiteFideId "22722009"]
[BlackFideId "12942839"]
[WhiteElo "1852"]
[BlackElo "2351"]
[Result "1/2-1/2"]
[Round "01"]
[TimeControl "180+1"]
[Date "2022.04.05"]
[WhiteClock "0:00:04"]
[BlackClock "0:00:04"]

1. d4 d5 2. Nf3 Nf6 3. e3 c5 4. c3 Nc6 5. Nbd2 Bg4 6. Be2 e6 7. Ne5 Bxe2 8. Qxe2 Rc8 9. O-O Bd6 10. f4 Ne7 11. Rf3 h5 12. Rg3 g6 13. b3 Nf5 14. Bb2 Nxg3 15. hxg3 a6 16. Rf1 Qa5 17. a4 cxd4 18. exd4 Qb6 19. Kh2 O-O 20. Qd3 Bxe5 21. fxe5 Ng4+ 22. Kh1 Qd8 23. Ba3 Re8 24. Nf3 Rc6 25. Nh4 Qg5 26. Bd6 Rec8 27. Qf3 Nh6 28. Bb4 b6 29. Qf2 a5 30. Nf3 Qd8 31. Bd6 Rxc3 32. Nh2 Qg5 33. Nf3 Qf5 34. Qe2 Ng4 35. Nh2 Qd3 36. Qe1 Qe3 37. Nxg4 Qxe1 38. Nf6+ Kg7 39. Rxe1 Rxb3 40. Kh2 Rcc3 41. Rf1 Rxg3 42. Ne8+ Kg8 43. Nf6+ Kg7 44. Ne8+ Kg8 45. Nf6+ Kh8 46. Ne8 h4 47. Rxf7 Rb2 48. Be7 Rbxg2+ 49. Kh1 Rc2 50. Bf6+ Kg8 51. Rg7+ Kf8 52. Re7 Rc1+ 53. Kh2 Rc2+ 54. Kh1 Rc1+ 55. Kh2 Rc2+ 56. Kh1 1/2-1/2


[Site "https://www.chess.com"]